 Dungeon Crawl Stone Soup version 0.23-a0-183-gf37f6fb (webtiles) character file.

44 galech the Skirmisher (level 3, 0/29 HPs)
             Began as a Demonspawn Fighter on Sept 21, 2018.
             Slain by a goblin (5 damage)
             ... led by Robin
             ... on level 2 of the Dungeon.
             The game lasted 00:00:59 (872 turns).

galech the Skirmisher (Demonspawn Fighter)           Turns: 872, Time: 00:01:00

Health: 0/29       AC:  6    Str: 16    XL:     3   Next: 41%
Magic:  3/3        EV:  7    Int:  9    God:
Gold:   56         SH:  9    Dex: 13    Spells: 2/2 levels left

rFire    . . .     SeeInvis .   a - +0 war axe
rCold    . . .     Gourm    .   c - +0 shield
rNeg     . . .     Faith    .   b - +0 scale mail
rPois    .         Spirit   .   (no helmet)
rElec    .         Reflect  .   (no cloak)
rCorr    .         Harm     .   (no gloves)
MR       .....                  (no boots)
Stlth    ..........             (no amulet)
HPRegen  0.09/turn              (no ring)
MPRegen  0.08/turn              (no ring)

@: no status effects
A: demonic guardian 1
a: no special abilities


You were on level 2 of the Dungeon.
You were not hungry.

You visited 1 branch of the dungeon, and saw 2 of its levels.

You collected 56 gold pieces.

Inventory:

Hand Weapons
 a - a +0 war axe (weapon)
Armour
 b - a +0 scale mail (worn)
 c - a +0 shield (worn)
Scrolls
 g - a scroll of random uselessness {unknown}
 h - a scroll of identify {unknown}
 i - 2 scrolls of teleportation {unknown}
 k - a scroll of magic mapping {unknown}
 l - a scroll of immolation {unknown}
 m - 2 scrolls of remove curse {unknown}
Potions
 d - a potion of might
 e - a potion of lignification {unknown}
 j - a potion of haste {unknown}
Comestibles
 f - 3 rations
 n - 2 chunks of flesh


   Skills:
 + Level 3.3 Fighting
 + Level 2.3 Axes
 + Level 3.1 Armour
 + Level 0.2 Dodging
 + Level 3.0 Shields


You had 2 spell levels left.
You didn't know any spells.
Your spell library was empty.

Dungeon Overview and Level Annotations

Branches:
Dungeon (2/15)

Altars:

Annotations:
D:2 Robin


Innate Abilities, Weirdness & Mutations

A weak demonic guardian rushes to your aid.


Message History

Robin throws the goblin at you!
Your white imp closely misses the hobgoblin.
You block the adder's attack.
You closely miss the goblin. You closely miss the adder.
Your shield and scale mail prevent you from hitting the hobgoblin.
The goblin hits you but does no damage. The hobgoblin hits you with a club.
The adder bites you.
* * * LOW HITPOINT WARNING * * *
Your white imp hits the hobgoblin.
Your white imp freezes the hobgoblin.
The hobgoblin dies!
Your Shields skill increases to level 3!
You block the goblin's attack. You block Robin's attack.
The adder bites you but does no damage.
You closely miss the goblin. You miss the adder. You hit Robin.
The adder bites you but does no damage. The goblin hits you.
* * * LOW HITPOINT WARNING * * *
You block Robin's attack.
Your white imp hits the adder but does no damage.
The adder bites you but does no damage. The goblin hits you.
You die...

..##.# #.#...... ..##.#
.# ........ .. ..##.#.#
...##.. ..##.#.# .......
..##.#.# .....##
..##.#.# #.# .......
.###.#.# #.#####......#
.......####.#...5g.....#
.....#..........@S.....#
............#..g#)......
..####.#......#.#.......
#.# #........#.#..?....
#.####.#......#.#...)...
#.........>...........<.
..............#.#.#..[.#
#######.<.......#.#....#
..............###


You could see Robin, an adder, a goblin and a friendly white imp.

Vanquished Creatures
  A worm (D:2)
  A dart slug (D:1)
  2 ball pythons (D:1)
  A giant cockroach (D:1)
  9 goblins
  10 hobgoblins
  3 kobolds (D:1)
  A frilled lizard (D:1)
  4 rats (D:1)
32 creatures vanquished.

Vanquished Creatures (collateral kills)
  A goblin (D:2)
  A hobgoblin (D:2)
2 creatures vanquished.

Grand Total: 34 creatures vanquished

Notes
Turn   | Place    | Note
-------+----------+-------------------------------------------
     0 | D:1      | galech the Demonspawn Fighter began the quest for the Orb.
     0 | D:1      | Reached XP level 1. HP: 18/18 MP: 1/1
    67 | D:1      | Gained mutation: A weak demonic guardian rushes to your
                  | aid. [demonic ancestry]
    67 | D:1      | Reached XP level 2. HP: 20/24 MP: 2/2
   442 | D:1      | Reached XP level 3. HP: 25/29 MP: 3/3
   863 | D:2      | Noticed Robin
   872 | D:2      | Slain by a goblin

Vault maps used:
D:1:      dpeg_arrival_water_temple_mockup
D:2:      first_ration, uniq_robin

Skill      XL: |  1  2  3 |
---------------+----------+-----
Axes           | 2 |  2.3
Armour         | 3 |  3.1
Shields        | 3 |  3.0
Fighting       | |  3.3
Dodging        | |  0.2

Action                   || total
-------------------------++-------
Melee: War axe           ||    78
Armor: Scale mail        ||    42
Dodge: Dodged            ||    14
Block: Shield            ||    39

Table legend:
 A = Non-vault XP
 B = Vault XP
 C = Vault XP percentage of total XP
 D = Non-vault monster count
 E = Vault monster count
 F = Vault count percentage of total count
                 A         B        C        D         E       F
            +---------+---------+-------+---------+---------+-------
      Total |      48 |      16 |  25.0 |      25 |       9 |  26.5
            +---------+---------+-------+---------+---------+-------
        D:1 |      43 |       0 |   0.0 |      24 |       0 |   0.0
        D:2 |       5 |      16 |  76.2 |       1 |       9 |  90.0
            +---------+---------+-------+---------+---------+-------
